 Dungeon Crawl Stone Soup version 0.19-a0-1049-g462a813 (webtiles) character file.

40 Gagarin the Firebug (level 3, 0/26 HPs)
             Began as a Draconian Fire Elementalist on July 31, 2016.
             Succumbed to an adder's poison
             ... on level 1 of the Dungeon.
             The game lasted 00:06:09 (1772 turns).

Gagarin the Firebug (Draconian Fire Elementalist)   Turns: 1772, Time: 00:06:09

Health: 0/26       AC:  5    Str: 10    XL:     3   Next: 30%
Magic:  0/6        EV: 12    Int: 16    God:
Gold:   57         SH:  0    Dex: 11    Spells: 2 memorised, 2 levels left

rFire  . . .     SeeInvis .     (no weapon)
rCold  . . .     Gourm    .     (armour unavailable)
rNeg   . . .     Faith    .     (no shield)
rPois  .         Spirit   .     (helmet restricted)
rElec  .         Dismiss  .     (no cloak)
rCorr  .         Reflect  .     (no gloves)
SustAt .         Harm     .     (no boots)
MR     .....                    (no amulet)
Stlth  ++........               (no ring)
                                (no ring)

@: lethally poisoned (0 -> -2), very slightly contaminated, not resistant to
hostile enchantments, unstealthy
A: unfitting armour, cold-blooded, AC +5
a: no special abilities


You were on level 1 of the Dungeon.
You were hungry.

You visited 1 branch of the dungeon, and saw 2 of its levels.

You collected 57 gold pieces.

Inventory:

Hand Weapons
 g - a cursed -1 hunting sling
Missiles
 i - 22 arrows
 k - 22 poisoned needles
Scrolls
 c - 2 scrolls of teleportation {unknown}
 d - 4 scrolls of identify {unknown}
 e - a scroll of remove curse {unknown}
 f - a scroll of random uselessness {unknown}
 j - a scroll of fear {unknown}
Books
 a - a book of Flames

   Spells                             Type                      Level
   a - Flame Tongue                   Conjuration/Fire             1
   b - Throw Flame                    Conjuration/Fire             2
   c - Conjure Flame                  Conjuration/Fire             3
   d - Inner Flame                    Hexes/Fire                   3
   e - Sticky Flame                   Conjuration/Fire             4
   f - Fireball                       Conjuration/Fire             5
Comestibles
 b - 2 bread rations
 h - 2 chunks of flesh


   Skills:
 + Level 0.2 Fighting
 + Level 2.2 Dodging
 + Level 2.0 Stealth
 + Level 2.3 Spellcasting
 + Level 1.4 Conjurations
 + Level 3.5 Fire Magic


You had 2 spell levels left.
You knew the following spells:

 Your Spells              Type           Power        Failure   Level  Hunger
a - Flame Tongue          Conj/Fire      #....        10%         1    #......
b - Conjure Flame         Conj/Fire      #.......     21%         3    ###....


Dungeon Overview and Level Annotations

Branches:
Dungeon (2/15)

Altars:
Nemelex Xobeh


Innate Abilities, Weirdness & Mutations

Your plain brown scales are hard. (AC +5)
Your body does not fit into most forms of armour.
You are cold-blooded and may be slowed by cold attacks.


Message History

You hit the adder.
The adder is heavily wounded.
You are feeling hungry.
The adder closely misses you. The adder bites you but does no damage.
Casting: Flame Tongue
Confirm with . or Enter, or press ? or * to list all spells.
Aiming: Flame Tongue
Press: ? - help, Shift-Dir - straight line, f/p - adder
Aim: an adder (heavily wounded)
The flame tongue hits the adder.
You kill the adder!
Your Stealth skill increases to level 2!
You see here an adder corpse.
You butcher the adder corpse.
* * * LOW HITPOINT WARNING * * *
You feel sick.
You see here a chunk of flesh.
You aren't carrying any potions.
Okay, then.
You die...

#.# #.# #.# #'###.#
#.# ...##.# #.#
...##.# #.# ...##.#
#.# .>....# #.#
...#### #.#
...########.#########
................@...#
###########.#######%#
..................#.#
#######.#.#.#####.#.#
......#.#.....# #.#.#
#####.#.###.#.# #.#.#
..# #.#.# #.#.# #.#.#
#.# #.#.###.#.# #.#.#
#.# #.#...#.#.# #.#.#


There were no monsters in sight!

Vanquished Creatures
  An adder (D:1)
  An ooze (D:1)
  A dart slug (D:1)
  5 bats
  2 giant cockroaches (D:1)
  3 hobgoblins (D:1)
  2 giant newts (D:1)
  5 goblins (D:1)
  3 kobolds (D:1)
  4 rats
27 creatures vanquished.

Notes
Turn   | Place    | Note
-------+----------+-------------------------------------------
     0 | D:1      | Gagarin the Draconian Fire Elementalist began the quest for the Orb.
     0 | D:1      | Reached XP level 1. HP: 14/14 MP: 3/3
   157 | D:1      | Reached XP level 2. HP: 3/20 MP: 0/5
   488 | D:1      | Found a sparkling altar of Nemelex Xobeh.
  1539 | D:1      | Reached XP level 3. HP: 26/26 MP: 4/6
  1637 | D:1      | Learned a level 3 spell: Conjure Flame
  1768 | D:1      | HP: 1/26 [poisoned by an adder]
  1772 | D:1      | Succumbed to an adder's poison

Vault maps used:
D:1:      dpeg_arrival_windows_large_door, nemelex_xobeh_ov_fountains_minmay
D:2:      uniq_iyjb, uniq_crazy_yiuf_cottage

Skill      XL: |  1  2  3 |
---------------+----------+-----
Dodging        | 2 |  2.2
Stealth        | 2 |  2.0
Fighting       | |  0.2
Spellcasting   | |  2.3
Conjurations   | |  1.4
Fire Magic     | |  3.5

Action                   || total
-------------------------++-------
Melee: Unarmed           ||    21
       Tailslap          ||     3
 Cast: Flame Tongue      ||    46
  Use: Potion            ||     2
  Eat: Chunk             ||     3
Armor: Skin              ||    15
Dodge: Dodged            ||    40
